 Dungeon Crawl Stone Soup version 0.32-a0-306-gfed3edf829 (webtiles) character file.

Game seed: 1240498317772735679

177 Dittersdorf the Shield-Bearer (level 5, -1/34 HPs)
             Began as a Gargoyle Fighter on Feb 14, 2024.
             Slain by a goblin
             ... wielding a +1 dagger of venom
             ... led by Robin
              (3 damage)
             ... on level 3 of the Dungeon.
             The game lasted 00:01:21 (1630 turns).

Dittersdorf the Shield-Bearer (Gargoyle Fighter)    Turns: 1630, Time: 00:01:21

Health: -1/34      AC: 11    Str: 22    XL:     5   Next: 57%
Magic:  5/5        EV:  9    Int:  8    God:
Gold:   102        SH:  4    Dex:  9    Spells: 4/4 levels left

rFire   . . .        a - +0 flail
rCold   . . .        c - +0 buckler
rNeg    + . .        b - +0 scale mail
rPois   ∞            (no helmet)
rElec   +            (no cloak)
rCorr   .            (no gloves)
SInv    .            (no boots)
Will    .....        (no amulet) Stlth
                     (no ring)
HPRegen 0.25/turn    (no ring)
MPRegen 0.09/turn

%: no passive effects
@: no status effects
A: sickness immunity, AC +4, negative energy resistance 1, electricity
resistance, torment resistance 1, petrification resistance
a: no special abilities


You were on level 3 of the Dungeon.
You visited 1 branch of the dungeon, and saw 3 of its levels.

You collected 102 gold pieces.

Inventory:

Hand Weapons
 a - a +0 flail (weapon)
Armour
 b - a +0 scale mail (worn)
 c - a +0 buckler (worn)
 k - a +0 plate armour
Scrolls
 f - a scroll of immolation {unknown}
 g - a scroll of blinking {unknown}
 l - a scroll of enchant weapon {unknown}
 n - a scroll of revelation {unknown}
Potions
 d - a potion of might
 e - a potion of heal wounds {unknown}
 h - a potion of invisibility {unknown}
 i - 2 potions of enlightenment {unknown}
 j - a potion of attraction {unknown}
 m - a potion of curing {unknown}


   Skills:
 + Level 4.3 Fighting
 + Level 3.2 Maces & Flails
 + Level 4.3 Armour
 + Level 4.4 Shields


You had 4 spell levels left.
You didn't know any spells.
Your spell library contained the following spells:

 Spells                   Type           Power      Damage    Failure   Level
 Lesser Beckoning         Tloc           0%         N/A       90%         2
 Gell's Gravitas          Tloc           0%         N/A       99%         3
 Teleport Other           Tloc           0%         N/A       99%         3


Dungeon Overview and Level Annotations

Branches:
Dungeon (3/15)

Altars:

Annotations:
D:3 Robin


Innate Abilities, Weirdness & Mutations

You are immune to sickness and miasma.
Your stone body is resilient. (AC +4)
You are immune to poison.
You resist negative energy. (rN+)
You are resistant to electric shocks. (rElec)
You are resistant to unholy torment.
You are immune to petrification.


Message History

The goblin shoots a sling bullet.
The sling bullet barely misses you.
Robin says, "Bow before me, strongest of all the hobgoblins!"
The goblin no longer looks unusually strong. x2
The goblin attacks as it pursues you! The goblin hits you with a +0 club.
* * * LOW HITPOINT WARNING * * *
Robin roars a battlecry!
The goblins go into a battle-frenzy!
You see here an adder corpse.
You barely miss the goblin. The goblin hits you but does no damage.
You sock the goblin!
You kill the goblin!
You closely miss the goblin.
The goblin no longer looks unusually strong.
The goblin hits you with a +0 dagger.
* * * LOW HITPOINT WARNING * * *
Robin roars a battlecry!
The goblin goes into a battle-frenzy!
You sock the goblin!
You kill the goblin!
The goblin no longer looks unusually strong.
Robin throws the goblin at you!
The goblin unwields a +0 sling.
The goblin wields a +0 dagger.
The goblin barely misses you. The goblin closely misses you.
You closely miss the goblin. The goblin hits you but does no damage.
The goblin barely misses you.
Robin roars a battlecry!
The goblin goes into a battle-frenzy!
You sock the goblin!
You kill the goblin!
The goblin closely misses you. The goblin barely misses you.
The goblin attacks as it pursues you! The goblin barely misses you.
The goblin unwields a +0 dagger.
The goblin wields a +0 sling.
The goblin shoots a sling bullet.
The sling bullet hits you.
* * * LOW HITPOINT WARNING * * *
The goblin attacks as it pursues you! The goblin closely misses you.
The hobgoblin no longer looks unusually strong.
The goblin attacks as it pursues you!
The goblin hits you with a +1 dagger of venom.
You die...

##...###.#...........#.##
...... #...##.###.##...#
......##.#.#.......#.#.##
.........#...##(##...#..##
.......#.#.#.#...#.#.#.#.#
.#####.#...#...#...#...###
#.#.#.#.#...#.#.#.#.#
....#...##.##...#...#
###.#.#....@..#.#.###
#...##.###g##...#
#.#...........#.##########
..##.###.###g##..#........
#. ............##.......)
#.###.###g###........ ##
#....g.)†..(.....
########.........
#.........


You could see Robin, a hobgoblin and 2 goblins.

Vanquished Creatures
  3 gnolls (D:2)
  4 adders
  A ribbon worm (D:3)
  4 bats
  6 endoplasms
  A giant cockroach (D:3)
  11 goblins
  4 hobgoblins (D:2)
  8 jackals
  3 kobolds
  A quokka (D:3)
  A ball python (D:2)
  9 frilled lizards (D:1)
  7 rats
63 creatures vanquished.

Notes
Turn   | Place    | Note
-------+----------+-------------------------------------------
     0 | D:1      | Dittersdorf the Gargoyle Fighter began the quest for the
                  | Orb.
     0 | D:1      | Reached XP level 1. HP: 14/14 MP: 1/1
    21 | D:1      | Reached XP level 2. HP: 16/19 MP: 2/2
   122 | D:1      | Reached XP level 3. HP: 24/24 MP: 3/3
   641 | D:2      | Reached XP level 4. HP: 29/29 MP: 4/4
  1072 | D:2      | Reached XP level 5. HP: 33/33 MP: 5/5
  1593 | D:3      | Noticed Robin
  1616 | D:3      | HP: 1/34 [goblin/+0 club[Robin] (4)]
  1621 | D:3      | HP: 1/34 [goblin/+0 dagger[Robin] (2)]
  1626 | D:3      | HP: 1/34 [goblin/sling bullet[Robin] (1)]
  1630 | D:3      | Slain by a goblin

Illustrated notes

Levels and vault maps discovered:
D:1:      lightli_molten_gateway, layout_basic
D:2:      layout_loops_ring
D:3:      layout_basic, grunt_ministairs_3,
          nicolae_concentric_dashed_squares_wild, uniq_sigmund, uniq_robin

Skill      XL: |  1  2  3  4 |
---------------+-------------+-----
Shields        | 4 |  4.4
Fighting       | 4 |  4.3
Armour         | 4 |  4.3
Maces & Flails | 3 |  3.2

Action                     |  1- 3 |  4- 6 || total
---------------------------+-------+-------++-------
  Melee: Flail             |    90 |   109 ||   199
 Armour: Scale mail        |   107 |   128 ||   235
  Dodge: Dodged            |   105 |   111 ||   216
  Block: Buckler           |    45 |    32 ||    77

Table legend: (Time is in decaauts)
 A = Elapsed time spent in this place.
 B = Non-inter-level travel time spent in this place.
 C = Inter-level travel time spent in this place.
 D = Time resting spent in this place.
 E = Time spent auto-exploring this place.
 F = Levels seen in this place.
 G = Mean time per level.
                   A        B        C        D        E       F      G
               +--------+--------+--------+--------+--------+-----+--------+
         Total |   1688 |   1568 |    120 |      0 |   1156 |   3 |  562.7 |
       Dungeon |   1688 |   1568 |    120 |      0 |   1156 |   3 |  562.7 |
               +--------+--------+--------+--------+--------+-----+--------+

Top non-repeatable levels by time:
     D:2: 852 daAuts
     D:1: 644 daAuts
     D:3: 191 daAuts
